 Dungeon Crawl Stone Soup version 0.31-a0-210-gccc998df9b (webtiles) character file.

Game seed: 2714558880130076176

155 qw the Shooter (level 5, -3/45 HPs)
             Began as a Minotaur Hexslinger on June 29, 2023.
             Slain by a gnoll
             ... wielding a +0 spear
              (8 damage)
             ... on level 2 of the Dungeon.
             The game lasted 00:00:30 (1109 turns).

qw the Shooter (Minotaur Hexslinger)                Turns: 1109, Time: 00:00:30

Health: -3/45      AC:  5    Str: 13    XL:     5   Next: 14%
Magic:  5/5        EV: 11    Int: 10    God:
Gold:   55         SH:  0    Dex: 14    Spells: 5/6 levels left

rFire   . . .        Y - +1 sling
rCold   . . .        (no shield)
rNeg    . . .        g - +0 ring mail
rPois   .            (helmet restricted)
rElec   .            (no cloak)
rCorr   .            (no gloves)
SInv    .            (no boots)
Will    .....        (no amulet)
Stlth   +            (no ring)
HPRegen 0.27/turn    (no ring)
MPRegen 0.09/turn

%: no passive effects
@: no status effects
A: horns 2, retaliatory headbutt
a: no special abilities


You were on level 2 of the Dungeon.
You visited 1 branch of the dungeon, and saw 2 of its levels.

You collected 55 gold pieces.


Innate Abilities, Weirdness & Mutations

You have a pair of horns on your head.
You reflexively headbutt those who attack you in melee.


   Skills:
 - Level 3.1 Fighting
 + Level 5.0 Ranged Weapons
 - Level 1.1 Armour
 - Level 2.1 Dodging
 - Level 1.0 Spellcasting
 - Level 2.0 Hexes


You had 5 spell levels left.
You knew the following spells:

 Your Spells              Type           Power      Damage    Failure   Level
a - Slow                  Hex            16%        N/A       32%         1

Your spell library contained the following spells:

 Spells                   Type           Power      Damage    Failure   Level
 Inner Flame              Hex/Fire       2%         N/A       82%         3
 Portal Projectile        Hex/Tloc       4%         N/A       82%         3
 Cause Fear               Hex            2%         N/A       97%         4

Inventory:

Hand Weapons
 Y - a +1 sling (weapon)
Armour
 g - a +0 ring mail (worn)
Scrolls
 a - a scroll of noise {unknown}
Potions
 b - 2 potions of mutation {unknown}
 e - a potion of curing {unknown}
 f - a potion of degeneration {unknown}

Dungeon Overview and Level Annotations

Branches:
Dungeon (2/15)

Altars:
Hepliaklqana


Message History

You shoot a sling bullet.
The sling bullet hits the gnoll but does no damage.
The gnoll is almost dead.
The gnoll barely misses you.
You shoot a sling bullet. The sling bullet hits the gnoll.
You kill the gnoll!
The gnoll hits you from afar with a +0 halberd.
You have reached level 5!
You shoot a sling bullet. The sling bullet hits the gnoll!
The gnoll is heavily wounded.
The gnoll barely misses you. x2
You shoot a sling bullet. The sling bullet hits the gnoll!
You kill the gnoll!
Your Fighting skill increases to level 3!
You shoot a sling bullet. The sling bullet hits the gnoll.
The gnoll is moderately wounded.
The gnoll misses you.
You shoot a sling bullet. The sling bullet hits the gnoll.
The gnoll is moderately wounded.
The gnoll barely misses you.
You shoot a sling bullet. The sling bullet hits the gnoll.
The gnoll is severely wounded.
The gnoll hits you from afar with a +0 spear.
The gnoll barely misses you.
You shoot a sling bullet.
The sling bullet hits the gnoll but does no damage.
The gnoll is severely wounded.
The gnoll closely misses you.
You shoot a sling bullet.
The sling bullet hits the gnoll but does no damage.
The gnoll is severely wounded.
The gnoll hits you but does no damage.
You shoot a sling bullet. The sling bullet hits the gnoll.
The gnoll is almost dead.
The gnoll barely misses you.
You shoot a sling bullet.
The sling bullet barely misses the gnoll.
The gnoll hits you from afar with a +0 spear.
The gnoll hits you from afar with a +0 spear!
You die...

g. .. ##. .. .. .. #.
#.# .# ##g## ... .#
##..!## #.# .
##...>@#######.# #
#$......##.....# #
#.##.##.##.....# # #
#.##.##.....# ####
#....##.....#####.##
####.##..........#.#
#.#####.###........###.
#.....(.# #....7.)..#.#
#######.###..7..7..#.##


You could see a gnoll.

Vanquished Creatures
  Natasha (thrice) (D:2)
  3 gnolls (D:2)
  An adder (D:2)
  3 dart slugs (D:1)
  An endoplasm (D:2)
  A giant cockroach (D:1)
  3 goblins
  6 hobgoblins
  3 quokkas (D:1)
  3 ball pythons
  3 bats (D:1)
  4 kobolds
  5 rats
39 creatures vanquished.

Notes
Turn   | Place    | Note
-------+----------+-------------------------------------------
     0 | D:1      | qw the Minotaur Hexslinger began the quest for the Orb.
     0 | D:1      | Reached XP level 1. HP: 16/16 MP: 1/1
     0 | D:1      | 0 ||| qw: Version: 0.3-a-24-ga2abf7b
     0 | D:1      | 0 ||| qw: Game counter: 6746
     0 | D:1      | 0 ||| qw: Melee chars always use a shield: true
     0 | D:1      | 0 ||| qw: God list: Okawaru
     0 | D:1      | 0 ||| qw: Allow faded altars: false
     0 | D:1      | 0 ||| qw: Do Orc after clearing Dungeon:15 true
     0 | D:1      | 0 ||| qw: Do second Lair branch before Depths: true
     0 | D:1      | 0 ||| qw: Lair rune preference: random
     0 | D:1      | 0 ||| qw: Goals: Normal
     0 | D:1      | 0 ||| PLANNING D:1-11
   276 | D:1      | Reached skill level 3 in Ranged Weapons
   291 | D:1      | Reached XP level 2. HP: 23/23 MP: 2/2
   586 | D:1      | 586 ||| UPGRADING to +0 ring mail.
   596 | D:1      | 596 ||| DROPPING +0 robe.
   597 | D:1      | 597 ||| READING scroll labelled GAD PAZIURGH.
   598 | D:1      | 598 ||| DROPPING scroll of poison.
   610 | D:2      | Noticed Natasha
   610 | D:2      | Found a hazy altar of Hepliaklqana.
   612 | D:2      | Killed Natasha
   613 | D:2      | Reached skill level 4 in Ranged Weapons
   613 | D:2      | Reached XP level 3. HP: 29/29 MP: 3/3
   616 | D:2      | Reached skill level 1 in Armour
   760 | D:2      | Noticed Natasha
   763 | D:2      | 763 ||| Stepping ~*~*~tactically~*~*~ (outnumbered).
   773 | D:2      | Killed Natasha
   774 | D:2      | Reached XP level 4. HP: 11/36 MP: 4/4
   852 | D:2      | Noticed Natasha
   862 | D:2      | Killed Natasha
   863 | D:2      | Reached skill level 5 in Ranged Weapons
  1090 | D:2      | 1090 ||| Stepping ~*~*~tactically~*~*~ (outnumbered).
  1100 | D:2      | HP: 9/37 [gnoll/+0 halberd (2)]
  1101 | D:2      | Reached XP level 5. HP: 11/44 MP: 5/5
  1103 | D:2      | Reached skill level 3 in Fighting
  1105 | D:2      | HP: 7/45 [gnoll/+0 spear (6)]
  1109 | D:2      | Slain by a gnoll

Levels and vault maps discovered:
D:1:      wander_arrival_fairy_ring, layout_basic
D:2:      layout_loops_cross, basic_altar, minmay_tree_intersection,
          chequers_garden, uniq_natasha

Skill      XL: |  1  2  3  4  5 |
---------------+----------------+-----
Ranged Weapons | 3 4 5 |  5.0
Fighting       | 2 3 |  3.1
Armour         | 1 |  1.1
Dodging        | |  2.1
Spellcasting   | |  1.0
Hexes          | |  2.0

Action                     |  1- 3 |  4- 6 || total
---------------------------+-------+-------++-------
   Fire: Sling             |    83 |    60 ||   143
    Use: Scroll            |     1 |       ||     1
 Armour: Robe              |     3 |       ||     3
         Ring mail         |     6 |     6 ||    12
  Dodge: Dodged            |    29 |    18 ||    47

Table legend:
 A = Non-vault XP
 B = Vault XP
 C = Vault XP percentage of total XP
 D = Non-vault monster count
 E = Vault monster count
 F = Vault count percentage of total count
                 A         B        C        D         E       F
            +---------+---------+-------+---------+---------+-------
      Total |     187 |      35 |  15.8 |      38 |       1 |   2.6
            +---------+---------+-------+---------+---------+-------
        D:1 |      39 |       0 |   0.0 |      21 |       0 |   0.0
        D:2 |     148 |      35 |  19.1 |      17 |       1 |   5.6
            +---------+---------+-------+---------+---------+-------
